 Dungeon Crawl Stone Soup version 0.15-b1-129-g6fffc38 (webtiles) character file.

442 JacquesDerrida the Ruffian (level 6, -1/44 HPs)
             Began as a Demonspawn Wanderer on Aug 27, 2014.
             Slain by Grinder (4 damage)
             ... while paralysed by Grinder
             ... on Level 4 of the Dungeon.
             The game lasted 00:13:37 (3414 turns).

JacquesDerrida the Ruffian (Demonspawn Wanderer)    Turns: 3414, Time: 00:13:37

HP  -1/44        AC  2     Str 16      XL: 6   Next: 71%
MP   8/8         EV  4     Int 14      God:
Gold 208         SH  0     Dex 15      Spells:  1 memorised,  6 levels left

rFire  + . .     SeeInvis .       - Unarmed
rCold  . . .     Clarity  .     d - +0 robe
rNeg   . . .     rCorr    .     (no shield)
rPois  .         rRot     .     (no helmet)
rElec  .         Spirit   .     (no cloak)
SustAb .         Warding  .     (no gloves)
rMut   .         Stasis   .     (no boots)
Gourm  .                        (no amulet)
MR     .....                    p - ring of protection from fire
                                h - ring of teleport control

@: paralysed, agile, not resistant to hostile enchantments, fairly stealthy
A: claws 2, repulsion field 1, nightstalker 1
a: Evoke Teleport Control


You were on level 4 of the Dungeon.
You were not hungry.

You visited 1 branch of the dungeon, and saw 5 of its levels.

You collected 208 gold pieces.

Inventory:

Hand weapons
 b - a +0 hand crossbow
 t - a +0 greatsling of velocity
Missiles
 e - 20 bolts
 v - 33 sling bullets
Armour
 d - a +0 robe (worn)
Comestibles
 f - 3 bread rations
 j - 2 meat rations
 u - a beef jerky
Scrolls
 i - 2 scrolls of enchant armour {unknown}
 l - a scroll of blinking {unknown}
 m - 2 scrolls of magic mapping {unknown}
 q - 3 scrolls of remove curse
 r - a scroll of immolation
 s - a scroll of identify {unknown}
Jewellery
 h - a ring of teleport control (left claw)
 p - a ring of protection from fire (right claw)
 w - an uncursed ring of protection from fire
Potions
 g - a potion of agility
Books
 a - a book of Necromancy

   Spells                             Type                      Level
   Pain                               Necromancy                   1
   *Animate Skeleton                  Necromancy                   1
   Vampiric Draining                  Necromancy                   3
   Regeneration                       Charms/Necromancy            3
   Animate Dead                       Necromancy                   4
   Control Undead                     Necromancy                   4


   Skills:
 - Level 2.0 Fighting
 - Level 1.0 Crossbows
 - Level 1.0 Throwing
 - Level 1.7 Armour
   Level 1.0 Shields
 + Level 6.3 Unarmed Combat
 - Level 1.0 Spellcasting
 - Level 1.1 Necromancy
   Level 1.0 Poison Magic


You had 6 spell levels left.
You knew the following spells:

 Your Spells              Type           Power        Failure   Level  Hunger
a - Animate Skeleton      Necr           N/A          21%         1    ##.....


Dungeon Overview and Level Annotations

Branches:
Dungeon (5/15)
 Temple: D:4-7

Altars:
Elyvilon

Annotations:
D:4 Grinder


Innate Abilities, Weirdness & Mutations

You have very sharp fingernails.
You are surrounded by a mild repulsion field (EV +2).
You are slightly more attuned to the shadows.


Message History

You claw the hobgoblin!
You kill the hobgoblin!
The giant newt barely misses you.
A shadow imp comes into view.
The giant newt barely misses you.
You closely miss Grinder.
The shadow imp shouts!
Grinder gestures at you.
You suddenly lose the ability to move!
The giant newt bites you. Grinder hits you!
You writhe in agony.
The giant newt bites you. Grinder hits you.
You writhe in agony.
You writhe in agony.
The giant newt bites you. Grinder hits you!
You writhe in agony.
* * * LOW HITPOINT WARNING * * *
The giant newt hisses menacingly.
The giant newt bites you but does no damage.
Grinder hits you!
* * * LOW HITPOINT WARNING * * *
You writhe in agony.
You die...

........###########.##.##.
........'...............#.
#........########...<...##.
#........# ######.###.
#.....%..####### #.###.
#................ #.....
#..........(..... ##'####
#...........5..... #......
#######..@5...... #......
#.l........ #......
#.......>. #......
#......... #......
#........ #...... #########
#.....) #.....% #......
#......


You could see Grinder, a shadow imp and a giant newt.

Vanquished Creatures
  A giant frog zombie (D:5)
  2 orc priests (D:4)
  A hound (D:3)
  2 iguanas
  6 worker ants
  A gnoll (D:2)
  4 adders
  A giant mite (D:5)
  A worm (D:3)
  A giant gecko (D:4)
  7 orcs
  9 bats
  5 giant cockroaches
  6 goblins
  15 hobgoblins
  3 jackals (D:5)
  5 kobolds
  An ooze (D:1)
  2 quokkas
  5 giant newts
  3 rats
81 creatures vanquished.

Notes
Turn   | Place    | Note
--------------------------------------------------------------
     0 | D:1      | JacquesDerrida, the Demonspawn Wanderer, began the quest for the Orb.
     0 | D:1      | Reached XP level 1. HP: 16/16 MP: 2/2
   175 | D:1      | Reached skill level 1 in Unarmed Combat
   255 | D:1      | Gained mutation: You have sharp fingernails. [demonic ancestry]
   255 | D:1      | Reached XP level 2. HP: 22/22 MP: 3/3
   745 | D:2      | Gained mutation: You are surrounded by a mild repulsion field (EV +2). [demonic ancestry]
   745 | D:2      | Reached XP level 3. HP: 23/27 MP: 4/4
  1019 | D:2      | Found a white marble altar of Elyvilon.
  1060 | D:2      | Reached skill level 3 in Unarmed Combat
  1190 | D:3      | Gained mutation: You are slightly more attuned to the shadows. [demonic ancestry]
  1190 | D:3      | Reached XP level 4. HP: 23/33 MP: 5/5
  1645 | D:4      | Reached skill level 4 in Unarmed Combat
  1687 | D:4      | Noticed Grinder
  1760 | D:4      | Gained mutation: You have very sharp fingernails. [demonic ancestry]
  1760 | D:4      | Reached XP level 5. HP: 25/38 MP: 7/7
  1882 | D:4      | Reached skill level 5 in Unarmed Combat
  2104 | D:5      | Entered Level 5 of the Dungeon
  2214 | D:5      | Reached XP level 6. HP: 44/44 MP: 8/8
  2414 | D:5      | Learned a level 1 spell: Animate Skeleton
  3052 | D:4      | Reached skill level 6 in Unarmed Combat
  3410 | D:4      | Paralysed by Grinder for 6 turns
  3414 | D:4      | Slain by Grinder

Action                   |  1- 3 |  4- 6 || total
-------------------------+-------+-------++-------
Melee: Unarmed           |    12 |   182 ||   194
 Fire: Hand crossbow     |    67 |    24 ||    91
       Greatsling        |       |     4 ||     4
  Use: Potion            |       |    10 ||    10
       Scroll            |       |     3 ||     3
 Stab: Sleeping          |       |     4 ||     4
  Eat: Chunk             |       |     5 ||     5
       Beef jerky        |       |     2 ||     2
